 Dungeon Crawl Stone Soup version 0.23.2-30-g0e89c35649 (webtiles) character file.

Game seed: 6500134806243032656

10359 troglodite the Thaumaturge (level 11, 0/85 (86) HPs)
             Began as a Gnoll Skald on June 25, 2019.
             Was a High Priest of Okawaru.
             Killed from afar by a rime drake (27 damage)
             ... with a flash freeze
             ... in an ice cave.
             The game lasted 00:43:44 (16241 turns).

troglodite the Thaumaturge (Gnoll Skald)           Turns: 16241, Time: 00:43:44

HP:   0/85 (86)     AC: 13    Str: 15    XL:     11   Next: 60%
MP:   23/23         EV: 11    Int: 18    God:    Okawaru [*****.]
Gold: 541           SH:  0    Dex: 17    Spells: 18/26 levels left

rFire    + + .     SeeInvis .   H - +1 demon trident (vamp)
rCold    x . .     Gourm    .   (no shield)
rNeg     . . .     Faith    .   F - +3 chain mail {rF+}
rPois    .         Spirit   .   (no helmet)
rElec    .         Reflect  .   (no cloak)
rCorr    .         Harm     .   (no gloves)
MR       .....                  (no boots)
Stlth    ..........             (no amulet)
HPRegen  0.24/turn              u - +3 ring of dexterity
MPRegen  0.18/turn              w - ring of fire

@: no status effects
A: distributed training, fangs 1, strong nose
a: Heroism, Finesse, Renounce Religion


You were in an ice cave.
You worshipped Okawaru.
Okawaru was extremely pleased with you.
You were not hungry.

You visited 2 branches of the dungeon, and saw 12 of its levels.
You also visited: Ice Cave.

You collected 625 gold pieces.
You spent 84 gold pieces at shops.

Inventory:

Hand Weapons
 j - a +5 halberd of freezing
 H - a +1 vampiric demon trident (weapon)
Missiles
 I - 13 javelins (quivered)
Armour
 v - the +2 robe of Chimes {rElec rCorr}
   (You found it on level 4 of the Dungeon)

   It insulates you from electricity.
   It provides partial protection from all sources of acid and corrosion.
 F - a +3 chain mail of fire resistance (worn)
Jewellery
 c - a +1 ring of evasion
 e - an uncursed ring of poison resistance
 h - an uncursed ring of wizardry
 u - a +3 ring of dexterity (left hand)
 w - a ring of fire (right hand)
 y - an uncursed ring of protection from fire
Wands
 k - a wand of flame (15)
 p - a wand of disintegration (12)
 D - a wand of iceblast (20)
 E - a wand of acid (5)
Scrolls
 a - a scroll of magic mapping
 b - 2 scrolls of immolation {unknown}
 g - 2 scrolls of acquirement {unknown}
 l - 2 scrolls of fear {unknown}
 m - 3 scrolls of teleportation
 o - 2 scrolls of fog
 s - 4 scrolls of remove curse
 x - a scroll of identify
 z - 2 scrolls of amnesia {unknown}
 C - 2 scrolls of random uselessness {unknown}
Potions
 f - a potion of agility
 i - 3 potions of might
 n - a potion of magic
 q - a potion of mutation
 r - a potion of flight
 A - a potion of berserk rage
 B - a potion of cancellation
 G - a potion of ambrosia
 J - a potion of haste
 K - a potion of heal wounds
Comestibles
 d - 12 rations
 t - 6 chunks of flesh


   Skills:
 + Level 7.9 Fighting
 + Level 6.3 Short Blades
 + Level 6.3 Long Blades
 + Level 6.3 Axes
 + Level 6.3 Maces & Flails
 + Level 7.9 Polearms
 + Level 6.3 Staves
 + Level 6.3 Slings
 + Level 6.3 Bows
 + Level 6.3 Crossbows
 + Level 6.3 Throwing
 + Level 6.9 Armour
 + Level 7.9 Dodging
 + Level 6.3 Stealth
 + Level 6.3 Shields
 + Level 6.3 Unarmed Combat
 + Level 8.2 Spellcasting
 + Level 5.2 Conjurations
 + Level 5.2 Hexes
 + Level 7.7 Charms
 + Level 5.2 Summonings
 + Level 5.2 Necromancy
 + Level 5.2 Translocations
 + Level 5.2 Transmutations
 + Level 5.2 Fire Magic
 + Level 5.2 Ice Magic
 + Level 5.2 Air Magic
 + Level 5.2 Earth Magic
 + Level 5.2 Poison Magic
 + Level 7.0 Invocations
 + Level 6.3 Evocations


You had 18 spell levels left.
You knew the following spells:

 Your Spells              Type           Power        Failure   Level  Hunger
a - Infusion              Chrm           ####         6%          1    None
b - Spectral Weapon       Hex/Chrm       ####....     30%         3    #......
c - Regeneration          Chrm/Necr      ####......   30%         3    #......
d - Magic Dart            Conj           ####         17%         1    None

Your spell library contained the following spells:

 Spells                   Type           Power        Failure   Level  Hunger
 Song of Slaying          Chrm           #####...     10%         2    None
 Shroud of Golubria       Chrm/Tloc      ####......   16%         2    None


Dungeon Overview and Level Annotations

Branches:
Dungeon (11/15)            Temple (1/1) D:5            Lair (0/6) D:10
    Orc (0/2) D:11

Altars:
Ashenzari
Cheibriados
Dithmenos
Elyvilon
Fedhas
Gozag
Hepliaklqana
Kikubaaqudgha
Makhleb
Nemelex Xobeh
Okawaru
Qazlal
Ru
Sif Muna
Trog
Uskayaw
Vehumet
Wu Jian
Xom
Yredelemnul
Zin
The Shining One

Shops:
D:7 =   D:10 ?

Annotations:
D:4 3 runed translucent doors, doot's ghost, amateur DEWz
D:6 3 runed translucent doors, Paps's ghost, novice DsFE


Innate Abilities, Weirdness & Mutations

Your experience applies equally to all skills.
You have very sharp teeth.
Your uncanny sense of smell can sniff out nearby items.


Message History

* * * LOW HITPOINT WARNING * * *
You are encased in ice.
The rime drake bites you but does no damage.
You hit the rime drake.
You feel better.
The rime drake is severely wounded.
The rime drake bites you but does no damage.
Unknown command.
You closely miss the rime drake.
The rime drake is severely wounded.
The rime drake barely misses you.
Unknown command.
You hit the rime drake.
The rime drake is severely wounded.
The rime drake bites you but does no damage.
You closely miss the rime drake. Your bite misses the rime drake.
The rime drake is severely wounded.
The ice encasing you melts away. The rime drake breathes ice at you.
The flash freeze hits you!!
You feel a painful chill!
You die...

...... ......
...... ### ....
#.. ... #.. .#
.$## # #####$$$##
# #...#k.$$# ####
##.#.@#∆∆ ##.###
#..#### ..#..###
##...#
.#.#...#####.##.#
.#####...#.##..##
.# ###......## ##
####.### ## ###
.##


You could see a rime drake.

Vanquished Creatures
  2 two-headed ogres
  A rime drake (IceCv)
  A redback zombie (D:11)
  A troll (D:9)
  2 hippogriffs
  A wyvern (D:9)
  Eustachio (D:5)
  10 yaks
  A hungry ghost (D:8)
  3 wargs (D:10)
  Edmund (D:6)
  3 orc warriors
  13 ice beasts
  2 sky beasts (D:5)
  An eye of draining (D:8)
  2 ogres (D:8)
  A phantom (D:10)
  6 centaurs
  3 big kobolds
  4 bullfrogs
  2 wyvern skeletons
  5 scorpions
  7 wights
  2 howler monkeys
  2 crimson imps
  2 bullfrog zombies
  A centaur zombie (D:6)
  5 jellies
  A gnoll shaman (D:5)
  6 orc priests
  7 hounds
  3 centaur skeletons
  Jessica (D:2)
  18 orc wizards
  3 worker ants
  A hound zombie (D:5)
  A hound skeleton (D:9)
  7 adders
  8 gnolls
  A worker ant zombie (D:5)
  2 shadow imps
  An adder zombie (D:5)
  An adder skeleton (D:4)
  2 worms
  A dart slug (D:1)
  5 leopard geckos
  46 orcs
  7 giant cockroaches
  3 hobgoblins (D:3)
  11 jackals
  6 quokkas
  2 ball pythons
  3 bats
  7 frilled lizards
  12 goblins
  9 kobolds
  A leopard gecko skeleton (D:6)
  A leopard gecko zombie (D:9)
  3 quokka skeletons
  3 rats
268 creatures vanquished.

Vanquished Creatures (others)
  An orc wizard (D:7)
  4 spectral weapons
5 creatures vanquished.

Grand Total: 273 creatures vanquished

Notes
Turn   | Place    | Note
-------+----------+-------------------------------------------
     0 | D:1      | troglodite the Gnoll Skald began the quest for the Orb.
     0 | D:1      | Reached XP level 1. HP: 20/20 MP: 6/6
   338 | D:1      | Reached XP level 2. HP: 6/26 MP: 7/7
  1303 | D:2      | Reached XP level 3. HP: 31/31 MP: 9/9
  1311 | D:2      | Learned a level 3 spell: Spectral Weapon
  1363 | D:2      | Noticed Jessica
  1377 | D:2      | Killed Jessica
  1377 | D:2      | Reached skill level 5 in Spellcasting
  1377 | D:2      | Reached skill level 1 in Invocations
  1622 | D:2      | Reached skill level 1 in Short Blades
  1622 | D:2      | Reached skill level 1 in Long Blades
  1622 | D:2      | Reached skill level 1 in Axes
  1622 | D:2      | Reached skill level 1 in Maces & Flails
  1622 | D:2      | Reached skill level 1 in Staves
  1622 | D:2      | Reached skill level 1 in Slings
  1622 | D:2      | Reached skill level 1 in Bows
  1622 | D:2      | Reached skill level 1 in Crossbows
  1622 | D:2      | Reached skill level 1 in Throwing
  1622 | D:2      | Reached skill level 1 in Stealth
  1622 | D:2      | Reached skill level 1 in Shields
  1622 | D:2      | Reached skill level 1 in Unarmed Combat
  1622 | D:2      | Reached skill level 1 in Evocations
  1691 | D:2      | Reached XP level 4. HP: 38/38 MP: 7/11
  2336 | D:3      | Reached skill level 1 in Conjurations
  2336 | D:3      | Reached skill level 1 in Hexes
  2336 | D:3      | Reached skill level 1 in Summonings
  2336 | D:3      | Reached skill level 1 in Necromancy
  2336 | D:3      | Reached skill level 1 in Translocations
  2336 | D:3      | Reached skill level 1 in Transmutations
  2336 | D:3      | Reached skill level 1 in Fire Magic
  2336 | D:3      | Reached skill level 1 in Ice Magic
  2336 | D:3      | Reached skill level 1 in Air Magic
  2336 | D:3      | Reached skill level 1 in Earth Magic
  2336 | D:3      | Reached skill level 1 in Poison Magic
  2578 | D:3      | Found a glowing golden altar of the Shining One.
  2669 | D:3      | Reached XP level 5. HP: 33/43 MP: 12/12
  3077 | D:4      | Found a runed translucent gate.
  3077 | D:4      | Noticed an ogre
  3078 | D:4      | Found a runed translucent gate.
  3078 | D:4      | Found a runed translucent gate.
  3104 | D:4      | Noticed doot's ghost (amateur DEWz)
  3336 | D:4      | Got an ancient robe
  3347 | D:4      | Identified the +2 robe of Chimes {rElec rCorr} (You found
                  | it on level 4 of the Dungeon)
  3450 | D:4      | Found a shattered altar of Ashenzari.
  3662 | D:4      | Reached XP level 6. HP: 50/50 MP: 13/13
  3670 | D:4      | Learned a level 3 spell: Regeneration
  3941 | D:4      | Found an ancient bone altar of Kikubaaqudgha.
  3945 | D:4      | Found a deep blue altar of Sif Muna.
  3951 | D:4      | Found a radiant altar of Vehumet.
  3958 | D:4      | Identified Vehumet's Grimoire of Blows and Bruises
  3964 | D:4      | Learned a level 1 spell: Magic Dart
  4061 | D:4      | Reached skill level 5 in Fighting
  4061 | D:4      | Reached skill level 5 in Polearms
  4061 | D:4      | Reached skill level 5 in Dodging
  4406 | D:4      | Found a shadowy altar of Dithmenos.
  4557 | D:5      | Entered Level 5 of the Dungeon
  4627 | D:5      | Noticed Eustachio
  4644 | D:5      | Killed Eustachio
  4644 | D:5      | Reached XP level 7. HP: 12/56 MP: 10/15
  4980 | D:5      | Noticed a hippogriff
  4991 | D:5      | Killed a hippogriff
  5370 | D:5      | Reached XP level 8. HP: 56/63 MP: 16/16
  5497 | D:5      | Found a staircase to the Ecumenical Temple.
  5519 | Temple   | Entered the Ecumenical Temple
  5648 | Temple   | Became a worshipper of Warmaster Okawaru
  6213 | D:5      | Reached skill level 6 in Spellcasting
  6964 | D:6      | HP: 3/64 [orc warrior/+0 battleaxe (28)]
  7025 | D:6      | Reached * piety under Okawaru
  7301 | D:6      | Reached XP level 9. HP: 63/69 MP: 18/18
  7358 | D:6      | Found a bloodstained altar of Trog.
  7363 | D:6      | Found a shadowy altar of Dithmenos.
  7363 | D:6      | Found a hide-covered altar of Uskayaw.
  7363 | D:6      | Found a stormy altar of Qazlal.
  7364 | D:6      | Found a burning altar of Makhleb.
  7367 | D:6      | Found a white marble altar of Elyvilon.
  7449 | D:6      | Found an opulent altar of Gozag.
  7449 | D:6      | Noticed Edmund
  7467 | D:6      | Killed Edmund
  7923 | D:6      | Found a runed translucent gate.
  7923 | D:6      | Found a runed translucent gate.
  7925 | D:6      | Noticed a kobold demonologist
  7925 | D:6      | Found a runed translucent gate.
  7927 | D:6      | Noticed Paps's ghost (novice DsFE)
  7951 | D:6      | HP: 2/69 [something (2)]
  9399 | D:7      | Found a sacrificial altar of Ru.
  9487 | D:7      | Found Goress's Jewellery Shoppe.
  9665 | D:8      | Reached skill level 5 in Armour
  9844 | D:8      | Reached ** piety under Okawaru
 10643 | D:8      | Reached skill level 5 in Invocations
 11895 | D:9      | Noticed a troll
 11906 | D:9      | Reached XP level 10. HP: 43/77 MP: 16/20
 12247 | D:9      | Reached skill level 7 in Spellcasting
 12503 | D:9      | Reached *** piety under Okawaru
 12718 | D:9      | Noticed a two-headed ogre
 12926 | D:10     | Entered Level 10 of the Dungeon
 12936 | D:10     | HP: 3/77 [scorpion (3)]
 12942 | D:10     | HP: 2/77 [scorpion (2)]
 13297 | D:9      | Killed a two-headed ogre
 13297 | D:9      | Reached skill level 5 in Short Blades
 13297 | D:9      | Reached skill level 5 in Long Blades
 13297 | D:9      | Reached skill level 5 in Axes
 13297 | D:9      | Reached skill level 5 in Maces & Flails
 13297 | D:9      | Reached skill level 5 in Staves
 13297 | D:9      | Reached skill level 5 in Slings
 13297 | D:9      | Reached skill level 5 in Bows
 13297 | D:9      | Reached skill level 5 in Crossbows
 13297 | D:9      | Reached skill level 5 in Throwing
 13297 | D:9      | Reached skill level 5 in Stealth
 13297 | D:9      | Reached skill level 5 in Shields
 13297 | D:9      | Reached skill level 5 in Unarmed Combat
 13297 | D:9      | Reached skill level 5 in Evocations
 13406 | D:9      | Received a gift from Okawaru
 14072 | D:10     | Received a gift from Okawaru
 14090 | D:10     | Reached **** piety under Okawaru
 14435 | D:10     | Reached XP level 11. HP: 81/84 MP: 22/22
 14945 | D:10     | Found Jiett's Magic Scroll Boutique.
 14950 | D:10     | Found a staircase to the Lair.
 15223 | D:10     | Bought a scroll of fog for 28 gold pieces
 15223 | D:10     | Bought a scroll of identify for 28 gold pieces
 15223 | D:10     | Bought a scroll of identify for 28 gold pieces
 15420 | D:10     | Reached ***** piety under Okawaru
 15690 | D:11     | Reached skill level 5 in Conjurations
 15690 | D:11     | Reached skill level 5 in Hexes
 15690 | D:11     | Reached skill level 5 in Summonings
 15690 | D:11     | Reached skill level 5 in Necromancy
 15690 | D:11     | Reached skill level 5 in Translocations
 15690 | D:11     | Reached skill level 5 in Transmutations
 15690 | D:11     | Reached skill level 5 in Fire Magic
 15690 | D:11     | Reached skill level 5 in Ice Magic
 15690 | D:11     | Reached skill level 5 in Air Magic
 15690 | D:11     | Reached skill level 5 in Earth Magic
 15690 | D:11     | Reached skill level 5 in Poison Magic
 15742 | D:11     | Noticed a two-headed ogre
 15751 | D:11     | HP: 2/84 [two-headed ogre/+0 giant spiked club (5)]
 15753 | D:11     | Killed a two-headed ogre
 15753 | D:11     | Received a gift from Okawaru
 15753 | D:11     | Reached skill level 8 in Spellcasting
 15990 | D:11     | Found a frozen archway.
 16025 | IceCv    | Entered an ice cave
 16241 | IceCv    | Killed from afar by a rime drake

Skill      XL: |  1  2  3  4  5  6  7  8  9 10 11 |
---------------+----------------------------------+-----
Spellcasting   | 5 6 7 8 |  8.2
Invocations    | 1 2 3 4 5 6 7 |  7.0
Short Blades   | 1 2 3 4 5 6 |  6.3
Long Blades    | 1 2 3 4 5 6 |  6.3
Axes           | 1 2 3 4 5 6 |  6.3
Maces & Flails | 1 2 3 4 5 6 |  6.3
Staves         | 1 2 3 4 5 6 |  6.3
Slings         | 1 2 3 4 5 6 |  6.3
Bows           | 1 2 3 4 5 6 |  6.3
Crossbows      | 1 2 3 4 5 6 |  6.3
Throwing       | 1 2 3 4 5 6 |  6.3
Stealth        | 1 2 3 4 5 6 |  6.3
Shields        | 1 2 3 4 5 6 |  6.3
Unarmed Combat | 1 2 3 4 5 6 |  6.3
Evocations     | 1 2 3 4 5 6 |  6.3
Conjurations   | 1 2 3 4 5 |  5.2
Hexes          | 1 2 3 4 5 |  5.2
Summonings     | 1 2 3 4 5 |  5.2
Necromancy     | 1 2 3 4 5 |  5.2
Translocations | 1 2 3 4 5 |  5.2
Transmutations | 1 2 3 4 5 |  5.2
Fire Magic     | 1 2 3 4 5 |  5.2
Ice Magic      | 1 2 3 4 5 |  5.2
Air Magic      | 1 2 3 4 5 |  5.2
Earth Magic    | 1 2 3 4 5 |  5.2
Poison Magic   | 1 2 3 4 5 |  5.2
Armour         | 3 4 5 6 |  6.9
Fighting       | 5 6 7 |  7.9
Polearms       | 5 6 7 |  7.9
Dodging        | 5 6 7 |  7.9
Charms         | 6 7 |  7.7

Action                   |  1- 3 |  4- 6 |  7- 9 | 10-12 || total
-------------------------+-------+-------+-------+-------++-------
Melee: Spear             |    76 |   212 |       |       ||   288
       Bite              |    10 |    23 |    65 |    39 ||   137
       Trident           |       |    26 |   480 |     8 ||   514
       Punch             |       |     1 |     5 |     2 ||     8
       Halberd           |       |       |       |   272 ||   272
       Demon trident     |       |       |       |    48 ||    48
 Cast: Infusion          |     2 |       |       |       ||     2
       Spectral Weapon   |     1 |     7 |    22 |    19 ||    49
       Magic Dart        |       |       |     5 |       ||     5
       Regeneration      |       |       |     5 |     1 ||     6
  Use: Potion            |       |       |     4 |     2 ||     6
       Scroll            |       |       |    10 |    10 ||    20
 Stab: Sleeping          |     1 |       |     1 |       ||     2
       Distracted        |       |       |     3 |     1 ||     4
  Eat: Chunk             |     2 |    10 |    23 |     7 ||    42
       Ration            |       |       |     1 |     4 ||     5
Armor: Leather armour    |     7 |     4 |       |       ||    11
       Ring mail         |       |    65 |   101 |       ||   166
       Chain mail        |       |       |    13 |   155 ||   168
       Robe              |       |       |       |     1 ||     1
Dodge: Dodged            |    50 |   161 |   288 |   155 ||   654
